 Dungeon Crawl Stone Soup version 0.21-a0-552-g593960d (webtiles) character file.

91 Klosterheim the Stinger (level 4, 0/36 HPs)
             Began as a Naga Venom Mage on Dec 17, 2017.
             Succumbed to an adder's poison
             ... on level 2 of the Dungeon.
             The game lasted 00:04:43 (1970 turns).

Klosterheim the Stinger (Naga Venom Mage)           Turns: 1970, Time: 00:04:44

Health: 0/36       AC:  3    Str: 15    XL:     4   Next: 57%
Magic:  2/8        EV: 10    Int: 19    God:
Gold:   81         SH:  0    Dex: 12    Spells: 1/8 levels left

rFire    . . .     SeeInvis +   k - -3 whip (curse)
rCold    . . .     Gourm    .   (no shield)
rNeg     . . .     Faith    .   a - +1 robe
rPois    +         Spirit   .   (no helmet)
rElec    .         Reflect  .   (no cloak)
rCorr    .         Harm     .   (no gloves)
MR       .....                  (no barding)
Stlth    +++.......             (no amulet)
HPRegen  0.12/turn              e - +3 ring of intelligence
MPRegen  0.11/turn              (no ring)

@: mighty, lethally poisoned (0 -> -2), very slightly contaminated, very slow
A: large, see invisible, deformed body, poison resistance, slowness 2, slow
metabolism 1, spit poison 1, AC +1
a: Spit Poison


You were on level 2 of the Dungeon.
You were very hungry.

You visited 1 branch of the dungeon, and saw 2 of its levels.

You collected 81 gold pieces.

Inventory:

Hand Weapons
 f - a +2 whip of venom
 i - a +1 short sword
 k - a cursed -3 whip (weapon)
Armour
 a - a +1 robe (worn)
Jewellery
 e - a +3 ring of intelligence (left hand)
Scrolls
 l - 2 scrolls of identify
Potions
 h - a potion of flight
Books
 b - a Young Poisoner's Handbook

   Spells                             Type                      Level
   a - Sting                          Conjuration/Poison           1
   b - Poisonous Vapours              Poison/Air                   2
   c - Mephitic Cloud                 Conjuration/Poison/Air       3
   d - Olgreb's Toxic Radiance        Poison                       4
   e - Venom Bolt                     Conjuration/Poison           5
Comestibles
 c - a bread ration
 g - 2 royal jellies
 m - a meat ration


   Skills:
 + Level 0.3 Maces & Flails
 - Level 1.5 Dodging
 + Level 4.3 Stealth
 + Level 2.6 Spellcasting
 - Level 1.0 Conjurations
 * Level 5.6 Poison Magic


You had one spell level left.
You knew the following spells:

 Your Spells              Type           Power        Failure   Level  Hunger
a - Sting                 Conj/Pois      ###.         4%          1    None
b - Poisonous Vapours     Pois/Air       ##....       8%          2    ##.....
c - Olgreb's Toxic Radia  Pois           ###.....     16%         4    ####...


Dungeon Overview and Level Annotations

Branches:
Dungeon (2/15)

Altars:
Okawaru


Innate Abilities, Weirdness & Mutations

You cannot wear boots.
Your serpentine skin is tough. (AC +1)
You have supernaturally acute eyesight. (SInv)
Armour fits poorly on your strangely shaped body.
Your system is resistant to poisons. (rPois)
You cover ground very slowly.
You have a slow metabolism.
You can spit poison.


Message History

* * * LOW HITPOINT WARNING * * *
You feel sick.
Okay, then.
Okay, then.
Put on which piece of jewellery? (? for menu, Esc to quit)
You feel clever.
e - a +3 ring of intelligence (left hand)
You have got your breath back.
* * * LOW HITPOINT WARNING * * *
You feel sick.
Okay, then.
Okay, then.
Okay, then.
There is a lethal amount of poison in your body!
There is a lethal amount of poison in your body!
There is a lethal amount of poison in your body!
There is a lethal amount of poison in your body!
* * * LOW HITPOINT WARNING * * *
You feel sick.
You die...

*,**,**,* **,*,******,,*,*
*,,,,,,,* **,** *,,,,* ****,****
*******# **,*,** *,*
*,,,,,.#*#.,,,**** *,*
#.####.##..,,,,,,*
*,****###.....,....,,,,*,*
*,,,,,,...#..,...,,,,,,*,*** ###
********#.#.##.#,,,,,,,,,,,*
##(## #..@...#*,,,,,,*,*,* ....##
##...###**,,,*,*,*,, .....# #...#
**,,,,,,*** ##.#.# #...# ****,***
##.#.# #...#######**,*** * ##...#
#.........#*,,,,* * ####.#
########....####.#.,,*,* *
.....###..................,,,,***
.......#..................,,,,,,,


There were no monsters in sight!

Vanquished Creatures
  4 adders (D:2)
  3 worms (D:2)
  2 dart slugs
  2 giant cockroaches (D:1)
  2 goblins
  7 hobgoblins
  A quokka (D:2)
  A ball python (D:1)
  5 bats
  5 frilled lizards
  7 kobolds
  7 rats
46 creatures vanquished.

Notes
Turn   | Place    | Note
-------+----------+-------------------------------------------
     0 | D:1      | Klosterheim the Naga Venom Mage began the quest for the Orb.
     0 | D:1      | Reached XP level 1. HP: 15/15 MP: 3/3
   182 | D:1      | Reached XP level 2. HP: 22/22 MP: 0/5
   798 | D:1      | Reached XP level 3. HP: 28/28 MP: 2/6
  1173 | D:2      | Reached skill level 5 in Poison Magic
  1426 | D:2      | Found an iron altar of Okawaru.
  1443 | D:2      | Reached XP level 4. HP: 35/36 MP: 3/7
  1672 | D:2      | Learned a level 2 spell: Poisonous Vapours
  1677 | D:2      | Learned a level 4 spell: Olgreb's Toxic Radiance
  1968 | D:2      | HP: 1/36 [poisoned by an adder]
  1970 | D:2      | Succumbed to an adder's poison

Vault maps used:
D:1:      zaba_arrival_water, serial_glass, glass_columns_a, glass_columns_c,
          due_unseen_surprise
D:2:      overflow_temple_1_default

Skill      XL: |  1  2  3 |
---------------+----------+-----
Poison Magic   | 5 |  5.6
Stealth        | 4 |  4.3
Maces & Flails | |  0.3
Dodging        | |  1.5
Spellcasting   | |  2.6
Conjurations   | |  1.0

Action                   |  1- 3 |  4- 6 || total
-------------------------+-------+-------++-------
Melee: Whip              |    25 |    37 ||    62
       Short sword       |     3 |       ||     3
 Cast: Sting             |    73 |    20 ||    93
       Poisonous Vapours |       |     9 ||     9
 Abil: Spit Poison       |     1 |     1 ||     2
  Use: Scroll            |     6 |       ||     6
       Potion            |     1 |     1 ||     2
  Eat: Chunk             |     2 |     1 ||     3
Armor: Robe              |     5 |     9 ||    14
Dodge: Dodged            |    30 |    17 ||    47

Table legend:
 A = Spawn XP
 B = Non-spawn XP
 C = Spawn XP percentage of total XP
 D = Spawn monster count
 E = Non-spawn monster count
 F = Spawn count percentage of total count
 G = Total turns spent on level
                    A         B        C        D         E        F      G
               +---------+---------+-------+---------+---------+-------+---------
         Total |       0 |     130 |   0.0 |       0 |      46 |   0.0 |  1970
               +---------+---------+-------+---------+---------+-------+---------
           D:1 |       0 |      40 |   0.0 |       0 |      26 |   0.0 |  1132
           D:2 |       0 |      90 |   0.0 |       0 |      20 |   0.0 |   838
               +---------+---------+-------+---------+---------+-------+---------
